[ AOE2 MATCH · #505046744 ]
UnrankedPersians vs Khmer
Player's team · WIN
Rival team · LOSS
[ REPLAY ANALYSIS · EXTRACTED FROM THE RECORDED GAME ]
Feudal
—
Castle
—
Imperial
—
| APM avg | 58.8 |
| APM peak | 77 |
| eAPM avg | 15.3 |
| Villagers / military | 11 / 0 |
Focus
⚔️ 19.0% · 🌾 81.0%
Feudal
—
Castle
—
Imperial
—
| APM avg | 46.8 |
| APM peak | 67 |
| eAPM avg | 17.8 |
| Villagers / military | 15 / 0 |
Focus
⚔️ 24.7% · 🌾 75.3%
Fishing Ship ×3
Match map
Initial resources + every placement click. Lines = walls · curves = elevation contours. ◆ gold · ⬟ stone · ● berries · ✦ relic · ◌ wall gap
Your base
LiyCoh's base
Smoothed initial terrain · ◌ = detected wall gap · hover for details
Inputs per minute
— 日本人 - - LiyCoh
Build order — 日本人
15 actions detected in the replay
| 0:02 | Build | House |
| 0:04 | Build | House |
| 0:05 | Queue | Villager (Male) |
| 0:06 | Queue | Villager (Male) |
| 0:45 | Queue | Villager (Male) |
| 0:45 | Queue | Villager (Male) |
| 0:45 | Queue | Villager (Male) |
| 2:21 | Queue | Villager (Male) |
| 2:35 | Queue | Villager (Male) |
| 2:36 | Queue | Villager (Male) |
| 2:36 | Queue | Villager (Male) |
| 3:00 | Research | Loom |
| 4:31 | Build | Town Center |
| 5:29 | Queue | Villager (Male) |
| 5:30 | Queue | Villager (Male) |
Build order — LiyCoh
25 actions detected in the replay
| 0:06 | Queue | Villager (Male) |
| 0:06 | Queue | Villager (Male) |
| 0:08 | Build | House |
| 0:09 | Research | Loom |
| 0:11 | Build | House |
| 0:25 | Queue | Villager (Male) |
| 0:25 | Queue | Villager (Male) |
| 0:36 | Queue | Villager (Male) |
| 0:43 | Queue | Villager (Male) |
| 1:07 | Build | Lumber Camp |
| 1:12 | Queue | Villager (Male) |
| 1:51 | Queue | Villager (Male) |
| 3:00 | Build | Dock |
| 3:12 | Queue | Villager (Male) |
| 3:15 | Queue | Villager (Male) |
| 3:23 | Build | House |
| 3:44 | Queue | Fishing Ship |
| 3:44 | Queue | Fishing Ship |
| 3:49 | Queue | Villager (Male) |
| 3:49 | Queue | Villager (Male) |
| 4:16 | Queue | Villager (Male) |
| 4:17 | Queue | Fishing Ship |
| 4:24 | Build | House |
| 5:05 | Queue | Villager (Male) |
| 5:05 | Queue | Villager (Male) |
Match timeline
| 3:00 | LiyCoh · first_building Dock |
| 5:36 | LiyCoh · resign |
[ AI ANALYSIS · 1 CREDIT ]
What really happened in this match?
Wolo.gg analyzes every decision: build order, eco, micro, common mistakes by bracket. Personalized analysis on WhatsApp or Discord in 30 seconds.
Civ guide
Persians
Perfil
Jugador #245540